 Dungeon Crawl Stone Soup version 0.16.2-14-g7133f4a77c (webtiles) character file.

93264 faibistes the Eclecticist (level 15, -1/72 HPs)
             Began as a Deep Elf Wizard on June 22, 2022.
             Was the Champion of Sif Muna.
             Killed from afar by a shock serpent (10 damage)
             ... with a bolt of electricity
             ... on level 2 of the Snake Pit on June 25, 2022.
             The game lasted 03:21:47 (46902 turns).

faibistes the Eclecticist (Deep Elf Wizard)        Turns: 46902, Time: 03:21:48

Health: -1/72      AC: 10    Str:  4    XL:     15   Next: 60%
Magic:  47/50      EV: 17    Int: 30    God:    Sif Muna [******]
Gold:   2019       SH:  0    Dex: 13    Spells: 13 memorised, 1 level left

rFire  . . .     SeeInvis .     v - staff of conjuration
rCold  + . .     Clarity  .     X - +2 robe {rC+}
rNeg   . . .     SustAb   .     (no shield)
rPois  +         Gourm    +     T - +2 helmet
rElec  .         Spirit   .     (no cloak)
rCorr  .         Warding  .     i - +2 pair of gloves
rMut   .         Stasis   .     (no boots)
MR     +....                    G - amulet of the gourmand
Stlth  +++.......               f - ring of magical power
                                R - ring of the Mackerel {rPois Slay+5 Stlth+}

@: deflect missiles, somewhat resistant to hostile enchantments, fairly stealthy
A: no striking features
a: Channel Energy, Forget Spell, Renounce Religion


You were on level 2 of the Snake Pit.
You worshipped Sif Muna.
Sif Muna was exalted by your worship.
You were not hungry.

You visited 6 branches of the dungeon, and saw 28 of its levels.
You visited the Abyss 1 time.

You collected 2762 gold pieces.
You spent 743 gold pieces at shops.

Inventory:

Hand weapons
 z - a +9 dagger of venom
Armour
 i - a +2 pair of gloves (worn)
 T - a +2 helmet (worn)
 X - a +2 robe of cold resistance (worn)
Magical staves
 v - an uncursed staff of conjuration (weapon)
 K - an uncursed staff of air
Jewellery
 a - an uncursed ring of ice
 f - a ring of magical power (right hand)
 h - the ring of Asorph {+Blink +Inv +Fly rN+ Dex-5 Stlth+}
   (You found it on level 10 of the Dungeon)

   [ring of stealth]

   It affects your dexterity (-5).
   It protects you from negative energy.
   It lets you turn invisible.
   It lets you fly.
   It lets you blink.
   It makes you more stealthy.
 u - an uncursed ring of see invisible
 w - an uncursed amulet of warding
 C - an uncursed ring of ice
 E - an uncursed amulet of resist mutation
 G - an amulet of the gourmand (around neck)
 I - an uncursed ring of positive energy
 R - the ring of the Mackerel (left hand) {rPois Slay+5 Stlth+}
   (You bought it in a shop on level 4 of the Orcish Mines)

   [ring of stealth]

   It affects your accuracy and damage with ranged weapons and melee attacks
   (+5).
   It protects you from poison.
   It makes you more stealthy.
 S - an uncursed ring of flight
 V - an uncursed ring of protection from fire
Magical devices
 b - a wand of disintegration (0)
 c - a wand of slowing (24)
 t - a wand of fireball (5)
 J - a wand of digging (23)
 M - a wand of fire (8)
 N - a wand of paralysis (14)
Scrolls
 e - 3 scrolls of immolation
 g - 13 scrolls of remove curse
 j - 2 scrolls of vulnerability
 l - 2 scrolls of recharging
 r - a scroll of fog
 A - 9 scrolls of teleportation
 B - a scroll of blinking
 L - 2 scrolls of magic mapping
Potions
 k - 6 potions of curing
 n - 3 potions of magic
 x - 3 potions of restore abilities
 D - 2 potions of ambrosia
 F - 2 potions of brilliance
 H - 2 potions of cure mutation
 O - 4 potions of flight
 P - 5 potions of invisibility
 Q - a potion of resistance
 U - a potion of heal wounds
 W - 3 potions of haste
 Y - a potion of cancellation
Books
 m - a book of Enchantments

   Spells                             Type                      Level
   a - Tukima's Dance                 Hexes                        3
   b - Cause Fear                     Hexes                        4
   c - Silence                        Hexes/Air                    5
   d - Deflect Missiles               Charms/Air                   6
   e - Haste                          Charms                       6
   f - Discord                        Hexes                        8
Comestibles
 d - 8 bread rations
 o - 14 meat rations
 p - 5 poisonous chunks of flesh
 q - 2 royal jellies
 s - 6 fruits
 Z - a chunk of flesh


   Skills:
 - Level 10.0 Dodging
 - Level 2.4 Stealth
 * Level 19.3 Spellcasting
 + Level 11.0 Conjurations
 - Level 6.4 Charms
   Level 1.1 Summonings
 - Level 2.0 Translocations
 - Level 3.4 Transmutations
 + Level 10.8 Fire Magic
 * Level 4.8 Air Magic
 * Level 10.4 Earth Magic
 * Level 3.8 Poison Magic
 - Level 10.0 Invocations
 - Level 9.2 Evocations


You had one spell level left.
You knew the following spells:

 Your Spells              Type           Power        Failure   Level  Hunger
a - Stone Arrow           Conj/Erth      ######       1%          3    None
b - Conjure Flame         Conj/Fire      #######.     1%          3    None
d - Blink                 Tloc           N/A          1%          2    None
e - Poisonous Cloud       Conj/Pois/Air  #######...   17%         6    None
f - Deflect Missiles      Chrm/Air       ######....   24%         6    None
h - Petrify               Trmt/Erth      ######..     1%          4    None
i - Ignite Poison         Fire/Trmt      ######....   2%          5    None
j - Magic Dart            Conj           ####         0%          1    None
k - Animate Skeleton      Necr           N/A          1%          1    None
l - Lee's Rapid Deconstr  Erth           ######....   1%          5    None
v - Bolt of Fire          Conj/Fire      #######...   2%          6    None
x - Sticky Flame          Conj/Fire      #######.     1%          4    None
z - Fireball              Conj/Fire      #######...   1%          5    None


Dungeon Overview and Level Annotations

Branches:
Dungeon (11/15)            Temple (1/1) D:4            Lair (8/8) D:8
 Shoals (0/5) Lair:6        Snake (2/5) Lair:3        Slime (0/6) Lair:7
    Orc (4/4) D:10            Elf (2/3) Orc:4

Altars:
Ashenzari
Cheibriados
Dithmenos
Elyvilon
Fedhas
Gozag
Kikubaaqudgha
Makhleb
Nemelex Xobeh
Okawaru
Qazlal
Ru
Sif Muna
Trog
Vehumet
Xom
Yredelemnul
Zin
The Shining One
Beogh
Jiyva

Shops:
D:9 ?%(((   Orc:4 =*[(

Annotations:
Lair:7 1 runed door
Elf:2 5 runed doors


Message History

The guardian serpent resists with some effort.
The naga warrior looks frightened!
The naga looks frightened!
The naga looks frightened!
The naga resists with almost no effort.
The guardian serpent coils itself and waves its upper body at you.
The bolt of poison misses you.
Drink which item? (? for menu, Esc to quit)
You feel much better. The guardian serpent barely misses you.
The naga spits poison at you. The splash of poison misses you.
The guardian serpent hits you but does no damage.
The guardian serpent hits you!!
* * * LOW HITPOINT WARNING * * *
There is a stone staircase leading up, spattered with blood here.
The guardian serpent hits you.
* * * LOW HITPOINT WARNING * * *
Cornered, the naga turns to fight!
The guardian serpent closely misses you.
The shock serpent shoots out a bolt of lightning at you!
The bolt of electricity hits you!
You die...

###. ####...S.
##.........
##.......N...
###.........?...
##..............S #
###...............#
..
.......[.........#
..
......$..NS@...N##
.. .............###
..# ..$.........##
..# ........##N##
... ##....##### ..
#.... #. .###


You could see a naga warrior (fleeing), a shock serpent, a mana viper (fleeing),
a guardian serpent and 3 nagas.

Vanquished Creatures
  2 orc warlords (Orc:4)
  Snorg (Lair:6)
  A deep elf high priest (Elf:2)
  A fire dragon (Lair:4)
  Fannar (Lair:6)
  4 hydras
  An anaconda (Snake:1)
  A naga warrior (Snake:2)
  Erica (Orc:2)
  A catoblepas (Lair:6)
  A death yak (Lair:6)
  Urug (Orc:4)
  A shock serpent (Snake:1)
  An orc high priest (Orc:4)
  Nergalle (Lair:7)
  5 deep elf knights (Elf:1)
  4 deep elf summoners
  A necromancer (Elf:1)
  A wolf spider (Lair:8)
  Pikel (D:8)
  7 deep elf conjurers (Elf:1)
  3 orc sorcerers
  A hill giant (D:10)
  3 large abominations (Elf:1)
  3 orc knights (Orc:4)
  A salamander (Snake:1)
  A griffon (Lair:7)
  18 black mambas
  Joseph (Orc:4)
  A siren (Lair:6)
  2 naga magi (Snake:1)
  A torpor snail (Lair:8)
  19 spiny frogs
  8 komodo dragons
  5 deep elf priests
  3 fire drakes
  A merfolk (Lair:6)
  13 polar bears
  Prince Ribbit (D:8)
  2 trolls
  3 raiju (Lair:8)
  4 basilisks
  24 blink frogs
  2 redbacks
  A spriggan (D:9)
  28 yaks
  28 deep elf fighters
  2 wyverns
  Eustachio (D:8)
  A wraith (D:11)
  Grum (D:8)
  18 deep elf magi
  A hill giant zombie (D:10)
  9 hippogriffs
  A hungry ghost (D:10)
  11 wargs
  7 nagas
  33 wolves
  Edmund (D:8)
  2 hell hounds (Lair:8)
  9 porcupines
  The ghost of faibistes the Magician, an average DEWz (D:4)
  3 ice beasts
  4 wasps
  A phantom (D:9)
  22 water moccasins
  A slave (D:8)
  The ghost of huldread the Skirmisher, an average MiMo of Okawaru (D:3)
  15 black bears
  13 ogres
  7 necrophages
  3 sky beasts
  4 spiders (Lair:8)
  26 orc warriors
  4 centaurs
  14 crocodiles
  A big kobold (D:10)
  10 giant frogs
  A brain worm (Lair:4)
  A wyvern zombie (D:7)
  A wyvern skeleton (D:8)
  5 scorpions
  A troll zombie (D:10)
  A goliath beetle (D:6)
  A centaur zombie (D:10)
  9 electric eels
  4 crimson imps
  A jelly (D:8)
  26 orc wizards
  16 hounds
  3 giant frog skeletons
  2 gnoll shamans
  30 orc priests
  16 worker ants
  6 iguanas
  2 hell rats (D:8)
  A killer bee zombie (D:7)
  15 sheep
  6 ogre zombies (D:10)
  2 hound skeletons
  16 gnolls
  20 adders
  67 river rats
  4 worker ant zombies
  5 shadow imps
  3 worms
  2 adder skeletons (D:4)
  5 giant geckos
  4 oozes
  155 orcs
  4 ball pythons
  17 bats
  2 bat skeletons
  A bat zombie (D:6)
  3 giant cockroaches
  21 hobgoblins
  12 jackals
  15 quokkas
  6 giant newts
  19 goblins
  2 goblin skeletons (D:10)
  5 goblin zombies (D:10)
  A hobgoblin skeleton (D:10)
  2 hobgoblin zombies (D:10)
  2 jackal skeletons (D:4)
  22 kobolds
  4 orc skeletons
  11 orc zombies (D:10)
  A quokka skeleton (D:4)
  17 rats
  4 ballistomycetes (D:6)
  5 fungi (Lair:8)
  A plant (Lair:6)
1050 creatures vanquished.

Vanquished Creatures (collateral kills)
  2 deep elf death magi (Elf:1)
  A hydra (Lair:8)
  A dancing weapon (Elf:2)
  A naga sharpshooter (Snake:1)
  A hornet (Lair:8)
  A guardian serpent (Lair:8)
  3 deep elf fighters (Elf:1)
  A deep elf mage (Elf:1)
  A wyvern (Lair:8)
  A yak (Lair:4)
  A hungry ghost (D:10)
  A wolf (Lair:8)
  A porcupine (Lair:6)
  A water moccasin (Lair:4)
  A warg (Orc:2)
  A hell hound (Lair:8)
  3 black bears (Lair:8)
  A crocodile (Lair:8)
  2 elf skeletons
  2 orc priests (Orc:4)
  4 hounds (Lair:8)
  An iguana (Lair:6)
  5 orc wizards
  2 gnolls (D:3)
  An adder (D:1)
  2 river rats (Lair:2)
  14 orcs
  3 goblins
  A hobgoblin (D:1)
  4 jackals (D:1)
  A bat (D:9)
  A giant cockroach (D:1)
  An orc zombie (D:10)
  2 fungi
  3 plants (Lair:8)
72 creatures vanquished.

Vanquished Creatures (others)
  A griffon (Lair:6)
  A deep elf fighter (Elf:1)
  2 slaves (D:8)
  2 lost souls (Elf:1)
  A hell hound skeleton (Lair:8)
  6 warg skeletons (Lair:8)
  A raiju skeleton (Lair:8)
  4 polar bear skeletons (Lair:8)
  A crimson imp (Lair:4)
  3 wolf skeletons (Lair:8)
  A human skeleton (Orc:4)
  6 black bear skeletons
  11 elf skeletons (Elf:1)
  2 iguanas
  A basilisk skeleton (Lair:8)
  An orc wizard (D:6)
  A crocodile skeleton (D:10)
  A hound zombie (D:10)
  9 hound skeletons (Lair:8)
  A shadow imp (Lair:3)
  3 white imps
  A giant spore (D:6)
  A goblin zombie (D:10)
  A jackal skeleton (Lair:8)
  15 orc skeletons
  A rat (D:10)
  2 bushes (Lair:8)
  73 fungi
  68 plants
221 creatures vanquished.

Grand Total: 1343 creatures vanquished

Notes
Turn   | Place    | Note
--------------------------------------------------------------
     0 | D:1      | faibistes, the Deep Elf Wizard, began the quest for the Orb.
     0 | D:1      | Reached XP level 1. HP: 10/10 MP: 6/6
   560 | D:1      | Reached XP level 2. HP: 13/15 MP: 0/9
   564 | D:1      | Learned a level 2 spell: Blink
   567 | D:1      | Learned a level 2 spell: Call Imp
  1179 | D:2      | Found a shimmering altar of Xom.
  1225 | D:1      | Reached XP level 3. HP: 19/19 MP: 6/13
  1230 | D:1      | Learned a level 3 spell: Conjure Flame
  1234 | D:1      | Learned a level 3 spell: Mephitic Cloud
  1333 | D:1      | Reached skill level 5 in Spellcasting
  1991 | D:2      | Found a snail-covered altar of Cheibriados.
  2721 | D:2      | Reached XP level 4. HP: 24/24 MP: 3/17
  2730 | D:2      | Learned a level 2 spell: Repel Missiles
  2936 | D:3      | Noticed huldread's ghost (average MiMo)
  3580 | D:3      | Killed huldread's ghost
  3580 | D:3      | Reached skill level 6 in Spellcasting
  3580 | D:3      | Reached XP level 5. HP: 28/28 MP: 1/20
  3829 | D:4      | Noticed faibistes' ghost (average DEWz)
  4180 | D:3      | Reached XP level 6. HP: 32/32 MP: 9/22
  4909 | D:3      | Reached skill level 7 in Spellcasting
  5196 | D:4      | Killed faibistes' ghost
  5196 | D:4      | Reached skill level 5 in Dodging
  5196 | D:4      | Reached skill level 8 in Spellcasting
  5196 | D:4      | Reached XP level 7. HP: 36/36 MP: 0/26
  5588 | D:4      | Found a basalt altar of Yredelemnul.
  6202 | D:3      | Reached skill level 9 in Spellcasting
  6473 | D:5      | Entered Level 5 of the Dungeon
  6756 | D:5      | Found a bloodstained altar of Trog.
  6844 | D:6      | Reached skill level 10 in Spellcasting
  6844 | D:6      | Reached XP level 8. HP: 41/41 MP: 15/29
  6955 | D:4      | Found a staircase to the Ecumenical Temple.
  6974 | Temple   | Entered the Ecumenical Temple
  7886 | D:5      | Found a blossoming altar of Fedhas.
  8311 | D:5      | Found an iron altar of Okawaru.
  8349 | D:5      | Reached skill level 11 in Spellcasting
  8664 | D:5      | Found a radiant altar of Vehumet.
  8687 | D:5      | Found a glowing golden altar of the Shining One.
  8689 | D:5      | Found a burning altar of Makhleb.
  9313 | D:6      | Reached skill level 12 in Spellcasting
  9710 | D:7      | Reached XP level 9. HP: 45/45 MP: 28/32
  9716 | D:7      | HP: 2/45 [electric eel/bolt of electricity (10)]
 11094 | D:5      | Found a shadowy altar of Dithmenos.
 11094 | D:5      | Found a deep blue altar of Sif Muna.
 11102 | D:5      | Became a worshipper of Sif Muna the Loreminder
 11431 | D:7      | Reached skill level 1 in Air Magic
 11716 | D:7      | HP: 2/45 [electric eel/bolt of electricity (14)]
 11885 | D:7      | Reached skill level 13 in Spellcasting
 11885 | D:7      | Reached skill level 1 in Poison Magic
 12147 | D:7      | Acquired Sif Muna's first power
 13454 | D:9      | Found Prabb's Antique Weapon Boutique.
 13514 | D:9      | Reached skill level 1 in Invocations
 13551 | D:10     | Entered Level 10 of the Dungeon
 13564 | D:10     | Reached skill level 1 in Fire Magic
 13564 | D:10     | Reached skill level 1 in Evocations
 13735 | D:9      | Found Gheliku's Antique Weapon Emporium.
 13756 | D:10     | Noticed a hill giant
 13766 | D:9      | Reached XP level 10. HP: 37/50 MP: 31/34
 13769 | D:9      | Acquired Sif Muna's second power
 13928 | D:9      | Found Digaunat's Food Shoppe.
 13948 | D:9      | Found Twases' Magic Scroll Shop.
 14349 | D:8      | Noticed Pikel
 14457 | D:8      | Killed Pikel
 14528 | D:8      | Noticed Eustachio
 14531 | D:8      | Killed Eustachio
 14531 | D:8      | Reached skill level 14 in Spellcasting
 14611 | D:8      | Found a staircase to the Lair.
 14697 | D:8      | Noticed Grum
 14704 | D:8      | Reached skill level 5 in Conjurations
 14721 | D:8      | Killed Grum
 14877 | D:9      | Found Twimehue's Weapon Emporium.
 15181 | D:8      | Noticed Prince Ribbit
 15186 | D:8      | Killed Prince Ribbit
 15391 | D:8      | Noticed Edmund
 15395 | D:8      | Killed Edmund
 15992 | Lair:1   | Entered Level 1 of the Lair of Beasts
 16332 | Lair:2   | Reached skill level 5 in Invocations
 16649 | Lair:1   | Reached XP level 11. HP: 30/54 MP: 23/35
 16677 | Lair:1   | Reached skill level 5 in Fire Magic
 17929 | Lair:2   | Noticed a black mamba
 17935 | Lair:2   | Killed a black mamba
 18468 | Lair:2   | Learned a level 3 spell: Spider Form
 19136 | Lair:2   | Reached skill level 1 in Transmutations
 19354 | Lair:5   | Noticed a six-headed hydra
 19407 | Lair:4   | Reached skill level 15 in Spellcasting
 19690 | Lair:3   | Acquired Sif Muna's third power
 19865 | Lair:2   | Reached skill level 10 in Dodging
 20536 | Lair:3   | Found a staircase to the Snake Pit.
 21626 | Lair:3   | Reached XP level 12. HP: 59/59 MP: 37/37
 22464 | Lair:4   | Reached skill level 5 in Evocations
 23165 | Lair:4   | Noticed a fire dragon
 23196 | Lair:4   | Killed a fire dragon
 24311 | Lair:5   | Reached skill level 16 in Spellcasting
 25442 | Lair:5   | Killed a six-headed hydra
 25456 | Lair:5   | Received a gift from Sif Muna
 25462 | Lair:5   | Learned a level 3 spell: Stone Arrow
 25469 | Lair:5   | Learned a level 6 spell: Bolt of Fire
 25716 | Lair:5   | Reached skill level 1 in Earth Magic
 26213 | Lair:5   | Learned a level 4 spell: Petrify
 26564 | Lair:7   | Got an ancient rapier
 26565 | Lair:7   | Identified the +3 rapier of Baibeova {distort, +Blink rElec rN+ Int-3} (You found it on level 7 of the Lair of Beasts)
 26566 | Lair:7   | Cast into the Abyss (a distortion unwield)
 26622 | Abyss:1  | Noticed a starcursed mass
 26713 | Abyss:1  | Found a corrupted altar of Lugonu.
 26778 | Abyss:2  | Noticed a bone dragon
 26804 | Abyss:3  | Learned a level 5 spell: Fireball
 26835 | Lair:7   | Escaped the Abyss
 26860 | Lair:7   | Learned a level 4 spell: Sticky Flame
 27086 | Lair:7   | Noticed an acid blob
 27087 | Lair:7   | Found a runed door.
 27087 | Lair:7   | Found a viscous altar of Jiyva.
 27088 | Lair:7   | Found a staircase to the Slime Pits.
 27088 | Lair:7   | Noticed an acid blob
 27089 | Lair:7   | Noticed an acid blob
 27221 | Lair:7   | Noticed Nergalle
 27241 | Lair:7   | Killed Nergalle
 27241 | Lair:7   | Reached XP level 13. HP: 61/63 MP: 19/38
 27413 | Lair:8   | Entered Level 8 of the Lair of Beasts
 28192 | Lair:7   | Learned a level 5 spell: Lee's Rapid Deconstruction
 29677 | Lair:7   | Reached skill level 5 in Earth Magic
 29799 | Lair:7   | Reached skill level 10 in Invocations
 30626 | Lair:8   | Reached skill level 17 in Spellcasting
 31027 | Lair:8   | Received a gift from Sif Muna
 31034 | Lair:8   | Learned a level 1 spell: Animate Skeleton
 31813 | Lair:8   | Reached XP level 14. HP: 68/68 MP: 22/39
 32318 | Lair:8   | Paralysed by a hornet for 2 turns
 33930 | D:10     | Killed a hill giant
 34359 | D:10     | Got a glittering silver ring
 34361 | D:10     | Identified the ring of Asorph {+Blink +Inv +Fly rN+ Dex-5 Stlth+} (You found it on level 10 of the Dungeon)
 34414 | D:10     | Found a staircase to the Orcish Mines.
 35141 | Orc:1    | Entered Level 1 of the Orcish Mines
 35282 | Orc:4    | Entered Level 4 of the Orcish Mines
 36198 | Orc:2    | Noticed Erica
 36201 | Orc:2    | Killed Erica
 36201 | Orc:2    | Reached skill level 18 in Spellcasting
 36201 | Orc:2    | Reached skill level 10 in Conjurations
 36201 | Orc:2    | Reached skill level 10 in Fire Magic
 37613 | Orc:4    | Noticed Urug
 37615 | Orc:4    | Received a gift from Sif Muna
 37622 | Orc:4    | Killed Urug
 37625 | Orc:4    | Identified Sif Muna's Advanced Sorcery (Sif Muna gifted it to you on level 4 of the Orcish Mines)
 37637 | Orc:3    | Learned a level 6 spell: Deflect Missiles
 37776 | Orc:4    | Noticed an orc warlord
 37784 | Orc:4    | Killed an orc warlord
 39032 | Orc:4    | Noticed Joseph
 39035 | Orc:4    | Killed Joseph
 39283 | Orc:4    | Found Vaupnau's General Store.
 39447 | Orc:4    | Your ally Joseph died
 39502 | Orc:4    | Bought a scroll of identify for 32 gold pieces
 39506 | Orc:4    | Reached skill level 1 in Charms
 39509 | Orc:4    | Found a roughly hewn altar of Beogh.
 39519 | Orc:4    | Noticed an orc warlord
 39540 | Orc:4    | Killed an orc warlord
 39852 | Orc:4    | Found a staircase to the Elven Halls.
 40409 | Orc:4    | Found Oxigrug's Jewellery Emporium.
 40415 | Orc:4    | Bought an uncursed ring of see invisible for 165 gold pieces
 40415 | Orc:4    | Bought the ring of the Mackerel {rPois Slay+5 Stlth+} for 546 gold pieces
 40933 | Orc:4    | Found Ekyrgh's Antique Weapon Emporium.
 40948 | Orc:4    | Found Kawabap's Antique Armour Emporium.
 41218 | Elf:1    | Entered Level 1 of the Elven Halls
 42195 | Elf:1    | Reached skill level 5 in Charms
 42386 | Elf:1    | Reached XP level 15. HP: 72/72 MP: 29/41
 42388 | Elf:1    | Received a gift from Sif Muna
 43481 | Elf:1    | Identified the Almanac of Stolen Souls
 43489 | Elf:1    | Reached skill level 19 in Spellcasting
 43676 | Elf:2    | Found a radiant altar of Vehumet.
 43699 | Elf:2    | Reached skill level 10 in Earth Magic
 43907 | Elf:2    | Found a huge runed gate.
 43908 | Elf:2    | Found a huge runed gate.
 43908 | Elf:2    | Found a huge runed gate.
 43909 | Elf:2    | Found a huge runed gate.
 43909 | Elf:2    | Found a huge runed gate.
 44625 | Lair:6   | Noticed a catoblepas
 44637 | Lair:6   | Killed a catoblepas
 44719 | Lair:2   | Learned a level 5 spell: Ignite Poison
 44728 | Lair:2   | Learned a level 6 spell: Poisonous Cloud
 44951 | Lair:6   | Noticed Snorg
 44957 | Lair:6   | Killed Snorg
 45062 | Lair:6   | Noticed Fannar
 45069 | Lair:6   | Killed Fannar
 45598 | Lair:6   | Found a staircase to the Shoals.
 45918 | Snake:1  | Entered Level 1 of the Snake Pit
 46103 | Snake:1  | Got a transparent trident
 46104 | Snake:1  | Identified the +3 trident of Dullness {pierce, rElec rPois MP-9} (You found it on level 1 of the Snake Pit)
 46392 | Snake:1  | Received a gift from Sif Muna
 46902 | Snake:2  | Killed from afar by a shock serpent

Action                   |  1- 3 |  4- 6 |  7- 9 | 10-12 | 13-15 || total
-------------------------+-------+-------+-------+-------+-------++-------
Melee: Unarmed           |    19 |     1 |       |       |     4 ||    24
       Short sword       |       |     9 |       |       |       ||     9
       Dagger            |       |     1 |   154 |   306 |    35 ||   496
       Staff             |       |       |     5 |       |     4 ||     9
 Cast: Magic Dart        |    93 |   116 |   554 |   601 |       ||  1364
       Call Imp          |     7 |     4 |       |    32 |     1 ||    44
       Blink             |     7 |     3 |    20 |    45 |    23 ||    98
       Conjure Flame     |     4 |    15 |    36 |   142 |    10 ||   207
       Mephitic Cloud    |     2 |    16 |    69 |    88 |     5 ||   180
       Repel Missiles    |       |     1 |     1 |       |       ||     2
       Stone Arrow       |       |       |       |    18 |     3 ||    21
       Bolt of Fire      |       |       |       |    17 |   266 ||   283
       Fireball          |       |       |       |     8 |   170 ||   178
       Sticky Flame      |       |       |       |     1 |    85 ||    86
       Animate Skeleton  |       |       |       |       |   145 ||   145
       Lee's Rapid Decon |       |       |       |       |   138 ||   138
       Petrify           |       |       |       |       |    12 ||    12
       Spider Form       |       |       |       |       |     2 ||     2
       Deflect Missiles  |       |       |       |       |     3 ||     3
       Ignite Poison     |       |       |       |       |    28 ||    28
       Poisonous Cloud   |       |       |       |       |     2 ||     2
Invok: Channel Energy    |       |       |       |    35 |   246 ||   281
       Forget Spell      |       |       |       |       |     4 ||     4
 Abil: End Transformatio |       |       |       |       |     2 ||     2
Evoke: Wand              |       |       |       |     7 |       ||     7
  Use: Scroll            |       |     4 |    19 |    11 |    15 ||    49
       Potion            |       |       |     1 |     5 |     7 ||    13
 Stab: Confused          |       |     1 |     1 |    14 |       ||    16
       Sleeping          |       |     1 |       |     3 |       ||     4
       Fleeing           |       |       |       |     1 |       ||     1
  Eat: Chunk             |     6 |     7 |    36 |    47 |    92 ||   188
       Fruit             |       |       |     1 |       |     7 ||     8
       Pizza             |       |       |       |       |     1 ||     1
       Beef jerky        |       |       |       |       |     1 ||     1
